 Dungeon Crawl Stone Soup version 0.28.0 (webtiles) character file.

Game seed: 17073796470051826526

155 Kikato the Slasher (level 5, -8/66 HPs)
             Began as a Hill Orc Gladiator on Feb 8, 2022.
             Killed by divine providence
             ... invoked by an orc priest
              (16 damage)
             ... on level 3 of the Dungeon.
             The game lasted 00:07:55 (2789 turns).

Kikato the Slasher (Hill Orc Gladiator)             Turns: 2789, Time: 00:07:56

Health: -8/66      AC:  6    Str: 19    XL:     5   Next: 37%
Magic:  5/5        EV: 11    Int:  8    God:
Gold:   86         SH:  0    Dex: 12    Spells: 4/4 levels left

rFire   . . .      SeeInvis .   a - +0 long sword
rCold   . . .      Faith    .   (no shield)
rNeg    . . .      Spirit   .   g - +0 ring mail
rPois   .          Reflect  .   c - +0 helmet
rElec   .          Harm     .   (no cloak)
rCorr   .          Rampage  .   (no gloves)
Will    .....                   (no boots)
Stlth   ..........              (no amulet)
HPRegen 0.21/turn               (no ring)
MPRegen 0.09/turn               (no ring)

@: berserking, lethally poisoned (-8 -> -14), very quick
A: no striking features
a: Convert to Beogh


You were on level 3 of the Dungeon.
You visited 1 branch of the dungeon, and saw 3 of its levels.

You collected 86 gold pieces.

Inventory:

Hand Weapons
 a - a +0 long sword (weapon)
 k - a +0 rapier of draining
 n - a +3 short sword of speed
Missiles
 d - 3 throwing nets (quivered)
 e - 60 stones
 i - 45 arrows
Armour
 c - a +0 helmet (worn)
 g - a +0 ring mail (worn)
 l - a +0 helmet
Scrolls
 f - a scroll of brand weapon {unknown}
 h - 3 scrolls of teleportation {unknown}
 q - a scroll of blinking {unknown}
Potions
 b - a potion of berserk rage
 j - a potion of might {unknown}
 m - a potion of lignification {unknown}
 o - a potion of flight {unknown}
 p - a potion of ambrosia {unknown}


   Skills:
 + Level 2.9 Fighting
 + Level 5.0 Long Blades
 + Level 1.8 Throwing
 + Level 1.7 Armour
 + Level 3.3 Dodging
 + Level 0.2 Stealth


You had 4 spell levels left.
You didn't know any spells.
Your spell library was empty.

Dungeon Overview and Level Annotations

Branches:
Dungeon (3/15)

Altars:


Message History

The orc is lightly wounded.
You hear a bark!
The orc hits you but does no damage.
You hear a shout!
You hear a bark!
You hit the orc.
The orc is almost dead.
The orc closely misses you.
The orc priest calls down the wrath of Beogh upon you.
Beogh smites you!
You hear a bark!
You slash the orc!
You kill the orc!
The orc hits you with a +2 hand axe of venom.
You are poisoned.
Your Long Blades skill increases to level 5!
You closely miss the orc.
You feel very sick.
The orc hits you with a +2 hand axe of venom!
You are lethally poisoned!
You hit the orc.
The orc is almost dead.
* * * LOW HITPOINT WARNING * * *
You feel very sick.
The orc priest shouts, "Surrender to Beogh and we'll let you live!"
The orc barely misses you.
You slash the orc!
You kill the orc!
* * * LOW HITPOINT WARNING * * *
You feel very sick.
You hit the hobgoblin.
The hobgoblin is moderately wounded.
* * * LOW HITPOINT WARNING * * *
You feel very sick. The hobgoblin barely misses you.
It was a potion of berserk rage.
A red film seems to cover your vision as you go berserk!
You feel yourself moving faster!
You feel mighty!
You feel sick.
The orc priest invokes the aid of Beogh against you.
Beogh smites you!
You die... #..# #..# #..## #... ##!.# oZ.

#g# ########@#
##.......)#
##.......#.#
#######...####.#.#
..........# #.#.#
#######.....##.#$#
#####.##.#.#
.##<#.# ##.#.#


You could see an orc priest, a hobgoblin and a bullfrog skeleton.

Vanquished Creatures
  Jessica (D:2)
  Natasha (D:2)
  6 adders
  2 dart slugs
  2 orcs (D:3)
  3 ball pythons
  5 endoplasms
  A giant cockroach (D:1)
  3 goblins
  6 hobgoblins
  2 jackals (D:3)
  7 kobolds
  5 bats
  3 frilled lizards
  2 rats (D:1)
49 creatures vanquished.

Notes
Turn   | Place    | Note
-------+----------+-------------------------------------------
     0 | D:1      | Kikato the Hill Orc Gladiator began the quest for the Orb.
     0 | D:1      | Reached XP level 1. HP: 18/18 MP: 1/1
   245 | D:1      | Reached XP level 2. HP: 25/25 MP: 2/2
   481 | D:1      | Found a faded altar of an unknown god.
   922 | D:1      | Reached XP level 3. HP: 21/30 MP: 3/3
  1135 | D:2      | Noticed Jessica
  1146 | D:2      | Killed Jessica
  1147 | D:2      | Reached skill level 4 in Long Blades
  1175 | D:2      | Reached XP level 4. HP: 32/37 MP: 4/4
  1454 | D:2      | Reached skill level 1 in Armour
  1881 | D:2      | Noticed Natasha
  1909 | D:2      | Killed Natasha
  1910 | D:2      | Reached XP level 5. HP: 8/44 MP: 5/5
  2785 | D:3      | Reached skill level 5 in Long Blades
  2789 | D:3      | Killed from afar by an orc priest

Illustrated notes

Levels and vault maps discovered:
D:1:      dpeg_arrival_simpleton_a, layout_basic, basic_ecumenical_altar
D:2:      layout_loops_ring, minmay_misc_feat_x, uniq_jessica, uniq_natasha
D:3:      layout_loops_ring, gammafunk_ghost_arena

Skill      XL: |  1  2  3  4  5 |
---------------+----------------+-----
Dodging        | 3 |  3.3
Long Blades    | 4 5 |  5.0
Armour         | 1 |  1.7
Fighting       | |  2.9
Throwing       | |  1.8
Stealth        | |  0.2

Action                   |  1- 3 |  4- 6 || total
-------------------------+-------+-------++-------
Melee: Long sword        |    55 |   108 ||   163
       Punch             |       |     1 ||     1
  Use: Potion            |       |     1 ||     1
Armor: Leather armour    |     8 |       ||     8
       Ring mail         |    10 |    62 ||    72
Dodge: Dodged            |    33 |    85 ||   118
